 Dungeon Crawl Stone Soup version 0.27-a0-1384-g1422d76b99 (webtiles) character file.

Game seed: 18327627190988539348

123 tsouns the Distorting Demonspawn (level 4, -5/37 HPs)
             Began as a Demonspawn Abyssal Knight on June 30, 2021.
             Was a Believer of Lugonu.
             Killed by divine providence
             ... invoked by an orc priest
              (14 damage)
             ... on level 3 of the Dungeon.
             The game lasted 00:04:46 (2431 turns).

tsouns the Distorting Demonspawn (DsAK)             Turns: 2431, Time: 00:04:46

Health: -5/37      AC: 10    Str: 13    XL:     4   Next: 79%
Magic:  6/6        EV: 13    Int: 13    God:    Lugonu [**....]
Gold:   64         SH:  0    Dex: 13    Spells: 3/3 levels left

rFire    . . .     SeeInvis .   a - +1 hand axe
rCold    . . .     Faith    .   (no shield)
rNeg     . . .     Spirit   .   b - +0 leather armour
rPois    .         Reflect  .   (no helmet)
rElec    .         Harm     +   n - scarf {harm}
rCorr    .         Rampage  .   (no gloves)
Will     .....                  p - +2 pair of boots
Stlth    +.........             (no amulet)
HPRegen  0.12/turn              i - +4 ring of protection
MPRegen  0.10/turn              (no ring)

@: no status effects
A: hooves 1, repulsion field 1
a: Renounce Religion, Depart the Abyss, Bend Space


You were on level 3 of the Dungeon.
You worshipped Lugonu.
Lugonu was pleased with you.
You visited 1 branch of the dungeon, and saw 3 of its levels.
You visited the Abyss 1 time.

You collected 64 gold pieces.

Inventory:

Hand Weapons
 a - a +1 hand axe (weapon)
Armour
 b - a +0 leather armour (worn)
 n - a scarf of harm (worn)
 p - a +2 pair of boots (worn)
Jewellery
 i - a +4 ring of protection (left hand)
Wands
 m - a wand of digging (5)
Potions
 d - 2 potions of heal wounds
 e - a potion of resistance {unknown}
 f - a potion of berserk rage {unknown}
 g - a potion of curing {unknown}
 j - a potion of attraction {unknown}
 l - a potion of lignification {unknown}


   Skills:
 + Level 3.8 Fighting
 * Level 3.4 Axes
 - Level 1.7 Armour
 - Level 0.8 Dodging
 + Level 3.8 Invocations


You had 3 spell levels left.
You didn't know any spells.
Your spell library was empty.

Dungeon Overview and Level Annotations

Branches:
Dungeon (3/15)

Altars:
Ashenzari

Shops:
D:1 =*(   D:2 (


Innate Abilities, Weirdness & Mutations

You have large cloven feet.
You are surrounded by a mild repulsion field. (EV +2)


Message History

You are too injured to fight recklessly!
You are too injured to fight recklessly!
You are too injured to fight recklessly!
You are too injured to fight recklessly!
You are too injured to fight recklessly!
You are too injured to fight recklessly!
You hit the orc priest but do no damage.
The orc priest hits you but does no damage.
You barely miss the orc priest. The orc priest barely misses you.
You hit the orc priest.
The orc priest is lightly wounded.
The orc priest closely misses you.
You hit the orc priest but do no damage.
The orc priest is lightly wounded.
The orc priest closely misses you.
You hit the orc priest but do no damage.
The orc priest is lightly wounded.
The orc priest closely misses you.
You hit the orc priest but do no damage.
The orc priest is lightly wounded.
The orc priest hits you but does no damage.
The orc priest barely misses you.
You hit the orc priest but do no damage.
The orc priest is lightly wounded.
The orc priest looks satisfied for a moment.
You closely miss the orc priest.
The orc priest is lightly wounded.
The orc priest miscasts a cantrip.
You hit the orc priest but do no damage.
The orc priest is lightly wounded.
The orc priest hits you with a +0 mace.
You hit the orc priest.
The orc priest is heavily wounded.
The orc priest hits you with a +0 mace.
* * * LOW HITPOINT WARNING * * *
You hit the orc priest.
The orc priest is severely wounded.
The orc priest calls down the wrath of Beogh upon you.
Beogh smites you!
You die...

. # #. #.
#..#.#######
#.........####.
#......o.......
....#...@†#.r..
. #<......# #
#......)..#
.............
###.........###
#.........#
#.........#
##.......##


You could see an orc priest.

Vanquished Creatures
  Jessica (D:2)
  An orc wizard (D:2)
  2 adders (D:2)
  A worm (D:2)
  A dart slug (D:2)
  An orc (D:2)
  4 endoplasms
  4 giant cockroaches
  4 goblins
  3 hobgoblins
  2 jackals (D:1)
  5 kobolds
  2 quokkas (D:1)
  4 ball pythons
  4 bats
  6 frilled lizards
  4 rats
49 creatures vanquished.

Vanquished Creatures (others)
  3 plants (D:2)
3 creatures vanquished.

Grand Total: 52 creatures vanquished

Notes
Turn   | Place    | Note
-------+----------+-------------------------------------------
     0 | Abyss:1  | tsouns the Demonspawn Abyssal Knight began the quest for
                  | the Orb.
     0 | Abyss:1  | Reached XP level 1. HP: 18/18 MP: 2/2
    29 | D:1      | Escaped the Abyss
   124 | D:1      | Found Gusiut's Assorted Antiques.
   235 | D:1      | Found Teod's Jewellery Emporium.
   355 | D:1      | Gained mutation: You have large cloven feet. [demonic
                  | ancestry]
   355 | D:1      | Reached XP level 2. HP: 23/24 MP: 4/4
   549 | D:1      | Reached ** piety under Lugonu
   742 | D:1      | Found Aseridiw's Weapon Emporium.
  1090 | D:1      | Found a faded altar of an unknown god.
  1327 | D:2      | Found a broken altar of Ashenzari.
  1329 | D:2      | Gained mutation: You are surrounded by a mild repulsion
                  | field. (EV +2) [demonic ancestry]
  1329 | D:2      | Reached XP level 3. HP: 29/29 MP: 5/5
  1364 | D:2      | Found Bauczots's Antique Weapon Boutique.
  1712 | D:2      | HP: 1/29 [hobgoblin (3)]
  2103 | D:2      | Noticed Jessica
  2114 | D:2      | Killed Jessica
  2115 | D:2      | Reached XP level 4. HP: 37/37 MP: 6/6
  2431 | D:3      | Killed from afar by an orc priest

Illustrated notes

Levels and vault maps discovered:
D:1:      minmay_arrival_three_doors, layout_basic, serial_shops, shop, shop,
          shop_statue, shapermc_ecumenical_altar_mp_highgroup
D:2:      layout_loops_cross, serial_shops, nicolae_shop_overgrown_old_shop,
          basic_altar, uniq_jessica
D:3:      layout_rooms

Skill      XL: |  1  2  3 |
---------------+----------+-----
Axes           | 2 3 |  3.4
Invocations    | 3 |  3.8
Fighting       | |  3.8
Armour         | |  1.7
Dodging        | |  0.8

Action                   |  1- 3 |  4- 6 || total
-------------------------+-------+-------++-------
Melee: Hand axe          |   123 |    35 ||   158
       Kick              |    22 |     7 ||    29
  Use: Scroll            |       |     5 ||     5
Armor: Leather armour    |    23 |    13 ||    36
Dodge: Dodged            |    80 |    29 ||   109

Table legend: (Time is in decaauts)
 A = Elapsed time spent in this place.
 B = Non-inter-level travel time spent in this place.
 C = Inter-level travel time spent in this place.
 D = Time resting spent in this place.
 E = Time spent auto-exploring this place.
 F = Levels seen in this place.
 G = Mean time per level.
                   A        B        C        D        E       F      G
               +--------+--------+--------+--------+--------+-----+--------+
         Total |   2458 |   2413 |     45 |      0 |   1959 |   4 |  614.5 |
       Dungeon |   2428 |   2383 |     45 |      0 |   1935 |   3 |  809.3 |
         Abyss |     29 |     29 |      0 |      0 |     24 |   1 |   29.0 |
               +--------+--------+--------+--------+--------+-----+--------+

Top non-repeatable levels by time:
     D:1: 1506 daAuts
     D:2: 895 daAuts
 Abyss:1: 29 daAuts
     D:3: 27 daAuts
